 Dungeon Crawl Stone Soup version 0.32-a0-132-g2d33c3cfaf (webtiles) character file.

Game seed: 12754290113567357668

13578 greenreed the Grappler (level 11, -14/172 HPs)
             Began as a Troll Shapeshifter on Feb 9, 2024.
             Was an Elder of Trog.
             Demolished by an ogre
             ... wielding a +0 giant club
             ... led by Lodul
              (25 damage)
             ... on level 11 of the Dungeon.
             The game lasted 00:25:15 (9317 turns).

greenreed the Grappler (Troll Shapeshifter)         Turns: 9317, Time: 00:25:16

Health: -14/172    AC: 25    Str: 25 (28) XL:     11   Next: 77%
Magic:  10/10      EV:  1    Int:  5 (6)  God:    Trog [****..]
Gold:   372        SH:  0    Dex:  7 (9)  Spells: 10/10 levels left

rFire   . .          .
                       - Unarmed
rCold   . . .        (no shield)
rNeg    + . .        a - melded +0 troll leather armour
rPois   +            (helmet currently unavailable)
rElec   .            (cloak currently unavailable)
rCorr   .            (gloves unavailable)
SInv    .            (boots unavailable)
Will    ++...        n - amulet of faith
Stlth   ++           A - ring of Bymuphuz {rPois rN+ EV+5 Stlth+}
HPRegen 1.28/turn    z - ring of willpower
MPRegen 0.12/turn

%: faith
@: tree-form, enlightened
A: stationary, stasis, torment immunity, boosted hp, large, unfitting armour,
(claws 3), regeneration 1, (shaggy fur 1), (tough skin 1)
a: Renounce Religion, Berserk, Trog's Hand, Brothers in Arms


You were on level 11 of the Dungeon.
You worshipped Trog.
Trog was greatly pleased with you.
You were a tree.
You visited 2 branches of the dungeon, and saw 12 of its levels.
You visited 1 bazaar.
You also visited: Ossuary.

You collected 588 gold pieces.
You spent 216 gold pieces at shops.

Inventory:

Missiles
 r - 10 poisoned darts (quivered)
 K - 2 throwing nets
Armour
 a - a +0 troll leather armour (melded)
 s - a +0 cloak
 L - +0 steam dragon scales
 N - a +0 tower shield
 P - a +0 kite shield
Jewellery
 n - an amulet of faith (around neck)
 o - a +6 ring of strength
 t - a +6 ring of intelligence
 z - a ring of willpower (right branch)
 A - the ring of Bymuphuz (left branch) {rPois rN+ EV+5 Stlth+}
   (You found it on level 4 of the Dungeon)

   [ring of evasion]

   EV+5:      It affects your evasion (+5).
   rPois:     It protects you from poison rN+: It protects you from negative
   energy.
   Stlth+:    It makes you more stealthy.
 Q - an amulet of guardian spirit
Talismans
 c - a beast talisman (active)
 d - a flux talisman
 i - a blade talisman
 k - a dragon-blood talisman
Wands
 b - a wand of polymorph (15)
 E - a wand of flame (28)
 R - a wand of quicksilver (7)
Scrolls
 f - a scroll of torment {unknown}
 g - 11 scrolls of teleportation {unknown}
 l - 8 scrolls of identify {unknown}
 m - 2 scrolls of silence {unknown}
 p - 5 scrolls of amnesia {unknown}
 q - 3 scrolls of enchant weapon {unknown}
 w - 4 scrolls of fog {unknown}
 x - a scroll of blinking {unknown}
 y - 3 scrolls of poison {unknown}
 F - a scroll of fear {unknown}
 M - a scroll of noise {unknown}
 O - a scroll of brand weapon {unknown}
Potions
 e - a potion of berserk rage {unknown}
 h - 2 potions of mutation {unknown}
 j - 4 potions of enlightenment
 u - a potion of cancellation {unknown}
 v - a potion of degeneration
 B - 2 potions of brilliance {unknown}
 C - a potion of lignification
 D - 2 potions of attraction {unknown}
 G - 2 potions of haste {unknown}
 H - a potion of magic {unknown}
 I - 2 potions of heal wounds {unknown}
 J - 3 potions of curing {unknown}


   Skills:
 * Level 9.1 Fighting
 + Level 6.4 Dodging
 + Level 2.9 Shields
 * Level 11.2 Unarmed Combat
 * Level 8.2 Shapeshifting


You had 10 spell levels left.
You didn't know any spells.
Your spell library contained the following spells:

 Spells                   Type           Power      Damage    Failure   Level
 Slow                     Hex            0%         N/A       47%         1
 Lesser Beckoning         Tloc           0%         N/A       63%         2
 Confusing Touch          Hex            0%         N/A       85%         3
 Fugue of the Fallen      Necr           0%         N/A       85%         3
 Gell's Gravitas          Tloc           0%         N/A       85%         3
 Ozocubu's Armour         Ice            0%         N/A       85%         3
 Sigil of Binding         Hex            0%         N/A       85%         3
 Teleport Other           Tloc           0%         N/A       85%         3
 Vampiric Draining        Necr           0%         2d6       85%         3
 Manifold Assault         Tloc           0%         N/A       99%         4
 Metabolic Englaciation   Hex/Ice        0%         N/A       100%        5
 Sculpt Simulacrum        Ice/Alch       0%         N/A       100%        6


Dungeon Overview and Level Annotations

Branches:
Dungeon (11/15)            Temple (1/1) D:6            Lair (0/5) D:9
    Orc (0/2) D:10        Ossuary (visited)

Altars:
Ashenzari
Cheibriados
Dithmenos
Elyvilon
Fedhas
Gozag
Hepliaklqana
Kikubaaqudgha
Makhleb
Nemelex Xobeh
Okawaru
Qazlal
Ru
Sif Muna
Trog
Uskayaw
Vehumet
Wu Jian
Xom
Yredelemnul
Zin
The Shining One

Shops:
D:3 [

Annotations:
D:11 Lodul


Innate Abilities, Weirdness & Mutations

You are a tree.
Your roots penetrate the ground, keeping you stationary.
You cannot be teleported.
You are immune to unholy pain and torment.
Your maximum health is greatly increased.
Your equipment is partially melded.
You are too large for most types of armour.
((You have claws for hands.))
Your natural rate of healing is unusually fast.
((You are covered in fur. (AC +1)))
((You have tough skin. (AC +1)))


Message History

The ogre is moderately wounded.
The ogre hits you with a +0 giant club!!
The ogre closely misses you. Something hits you. Something bites you.
* * * LOW HITPOINT WARNING * * *
Something draws strength from your injuries!
Unknown command.
The ogre closely misses you. Something hits you! Something bites you!
Something draws strength from your injuries!
You hear some strange, mumbled words.
You are confused.
Something hits you! Something bites you.
Something draws strength from your injuries!
Okay, then.
It was a potion of enlightenment.
You feel very buoyant.
You fly up into the air.
Something hits you!
* * * LOW HITPOINT WARNING * * *
Something bites you.
* * * LOW HITPOINT WARNING * * *
Something draws strength from your injuries!
Your transformation has ended.
You turn into a tree.
Your +0 troll leather armour melds into your body.
Your roots penetrate the ground.
Something hits you but does no damage. Something bites you but does no damage.
The ogre hits you with a +0 giant club!!
* * * LOW HITPOINT WARNING * * *
The ogre hits you with a +0 giant club!
* * * LOW HITPOINT WARNING * * *
Unknown command.
It was a potion of degeneration.
There was something very wrong with that liquid.
You feel weakened.
You feel dopey.
You feel clumsy.
You feel less confused. Something hits you but does no damage.
Something bites you!
* * * LOW HITPOINT WARNING * * *
Something draws strength from your injuries!
The ogre hits you with a +0 giant club!!
You die...

# # .... #( ####..... ..
#######.......# ..
....OO........# #.
....)OO.......## .
...#######.....# . ~
.....### #.....######... ~
.......###....O.♣....... ~
..............OOO.......
##.........#............
##......)###............##
###....## #......###....#
... ######).## ##....##
....####... .......##
#....# ##.....#....
.......# ##...##
#...#....... .......#
#....###..# #......


You could see 4 ogres.

Vanquished Creatures
  Josephine (D:10)
  2 two-headed ogres
  Urug (D:11)
  A deep troll (D:10)
  A cyclops (D:9)
  Joseph (D:8)
  A centaur zombie (D:11)
  A gargoyle (D:10)
  A kobold demonologist (D:9)
  3 trolls
  A merfolk (D:7)
  2 vampires
  A shadow (D:11)
  A wyvern (D:9)
  8 yaks
  7 wraiths
  Eustachio (D:5)
  5 steam dragons
  An acid dragon (D:9)
  3 water moccasins
  2 orc warriors (D:10)
  2 ice beasts
  7 ogres
  A sky beast (D:8)
  A black bear (D:5)
  6 centaurs
  2 phantoms
  3 kobold brigands
  Blork the orc (D:5)
  2 gnoll sergeants (D:8)
  3 bullfrogs
  8 scorpions
  8 howler monkeys
  A bombardier beetle (D:6)
  7 orc priests
  A human zombie (Ossuary)
  A hound (D:6)
  2 gnoll boudas
  9 scorpion zombies (Ossuary)
  3 iguanas
  12 orc wizards
  3 mummies (Ossuary)
  A howler monkey zombie (D:11)
  5 adders
  22 gnolls
  2 ufetubi (D:6)
  3 adder zombies (Ossuary)
  3 dart slugs
  3 ribbon worms
  62 orcs
  6 bats
  10 endoplasms
  A giant cockroach (D:4)
  3 gnoll zombies (Ossuary)
  3 goblins
  7 hobgoblins
  7 jackals
  10 kobolds
  3 quokkas
  9 ball pythons
  2 ball python zombies (Ossuary)
  4 frilled lizards (D:1)
  3 jackal zombies (Ossuary)
  2 orc zombies (Ossuary)
  5 rats (D:1)
304 creatures vanquished.

Notes
Turn   | Place    | Note
-------+----------+-------------------------------------------
     0 | D:1      | greenreed the Troll Shapeshifter began the quest for the
                  | Orb.
     0 | D:1      | Reached XP level 1. HP: 18/18 MP: 0/0
   146 | D:1      | Reached skill level 1 in Fighting
   245 | D:1      | Reached XP level 2. HP: 27/27 MP: 1/1
   690 | D:1      | Reached XP level 3. HP: 32/33 MP: 2/2
   896 | D:2      | Found a faded altar of an unknown god.
  1115 | D:2      | Reached XP level 4. HP: 42/42 MP: 3/3
  1788 | D:3      | Found a broken altar of Ashenzari.
  2088 | D:3      | Reached skill level 4 in Unarmed Combat
  2103 | D:3      | Found Fowebb's Antique Armour Emporium.
  2184 | D:4      | Reached XP level 5. HP: 42/50 MP: 4/4
  2277 | D:4      | Identified the ring of Bymuphuz {rPois rN+ EV+5 Stlth+}
  2398 | D:4      | Noticed a steam dragon
  2411 | D:4      | Killed a steam dragon
  2412 | D:4      | Reached XP level 6. HP: 28/61 MP: 5/5
  2652 | D:5      | Entered Level 5 of the Dungeon
  2690 | D:5      | Reached skill level 5 in Unarmed Combat
  2733 | D:5      | Reached XP level 7. HP: 67/67 MP: 6/6
  2769 | D:5      | Noticed Blork the orc
  2785 | D:5      | Killed Blork the orc
  3170 | D:5      | Noticed a wraith
  3170 | D:5      | Noticed Eustachio
  3208 | D:5      | Killed a wraith
  3209 | D:5      | Reached skill level 6 in Unarmed Combat
  3209 | D:5      | Reached XP level 8. HP: 63/79 MP: 7/7
  3281 | D:5      | Killed Eustachio
  3619 | D:6      | Reached skill level 5 in Fighting
  3731 | D:6      | Found a sand-covered staircase.
  3739 | Ossuary  | Entered an ossuary
  3755 | Ossuary  | Reached skill level 7 in Unarmed Combat
  3759 | Ossuary  | Reached skill level 5 in Shapeshifting
  3892 | Ossuary  | Reached XP level 9. HP: 89/89 MP: 8/8
  4199 | D:6      | Found a staircase to the Ecumenical Temple.
  4262 | Temple   | Entered the Ecumenical Temple
  4287 | Temple   | Became a worshipper of Trog the Wrathful
  4791 | D:7      | Reached skill level 8 in Unarmed Combat
  4881 | D:7      | Reached * piety under Trog
  5493 | D:8      | Noticed Joseph
  5506 | D:8      | Killed Joseph
  5549 | D:8      | Noticed a two-headed ogre
  5555 | D:8      | Killed a two-headed ogre
  5556 | D:8      | Reached skill level 5 in Dodging
  5556 | D:8      | Reached skill level 9 in Unarmed Combat
  5556 | D:8      | Reached XP level 10. HP: 102/102 MP: 9/9
  6030 | D:8      | Reached ** piety under Trog
  6238 | D:8      | Found a stormy altar of Qazlal.
  6728 | D:3      | Bought a runed scarf for 216 gold pieces
  6928 | D:9      | Found a staircase to the Lair.
  6931 | D:9      | Reached skill level 10 in Unarmed Combat
  7108 | D:9      | Noticed a cyclops
  7116 | D:9      | Killed a cyclops
  7730 | D:10     | Entered Level 10 of the Dungeon
  7824 | D:10     | Reached skill level 1 in Shields
  7868 | D:10     | Reached XP level 11. HP: 111/111 MP: 10/10
  7911 | D:10     | Reached *** piety under Trog
  7981 | D:10     | Found a staircase to the Orcish Mines.
  8181 | D:10     | Reached **** piety under Trog
  8235 | D:10     | Found a white marble altar of Elyvilon.
  8357 | D:10     | Noticed Josephine
  8378 | D:10     | Killed Josephine
  8761 | D:10     | Noticed a deep troll
  8779 | D:10     | Killed a deep troll
  8940 | D:11     | Noticed Urug
  8952 | D:11     | Killed Urug
  8953 | D:11     | Reached skill level 11 in Unarmed Combat
  8973 | D:11     | Found a flickering gateway to a bazaar.
  8984 | Bazaar   | Entered a bazaar
  9002 | Bazaar   | Found Yshedel's Armour Boutique.
  9019 | Bazaar   | Found Notyodih's Antique Armour Emporium.
  9043 | Bazaar   | Found Ogeqet's Book Boutique.
  9058 | Bazaar   | Found Deczaiq's Antique Weapon Shoppe.
  9210 | D:11     | Noticed a two-headed ogre
  9217 | D:11     | Killed a two-headed ogre
  9232 | D:11     | Noticed Lodul
  9317 | D:11     | Demolished by an ogre

Illustrated notes

Levels and vault maps discovered:
D:1:      evilmike_arrival_hilbert_curve, layout_basic, roderic_roman_lattice
D:2:      layout_basic, basic_ecumenical_altar
D:3:      layout_rooms, nicolae_ashenzari_panopticon, serial_shops,
          nicolae_lakefront_shop
D:4:      layout_cave_pools
D:5:      layout_basic, uniq_eustachio, uniq_blork_the_orc
D:6:      layout_loops_ring, minmay_temple_entry_antechambers,
          chequers_ossuary_entry_cave, minmay_misc_feat_pillars
D:7:      layout_loops_ring, nicolae_elevator_lobby_plus
D:8:      layout_loops_ring, roadster_trireme, uniq_joseph
D:9:      layout_basic, lair_entry_dummy
D:10:     dreamdust_cave_troll, layout_gridville, mainiacjoe_overflow_paths,
          hiddenorc2_lemuel, grunt_decor_mini_mirrors,
          minmay_fractal_squares_gapless_5, uniq_josephine
D:11:     layout_layer_cave, serial_shops, freezing_bzr, serial_undead,
          serial_undead_f, serial_undead_e, serial_undead_e, serial_undead_e,
          uniq_lodul, uniq_urug
Temple:   nicolae_temple_bog_church

Skill      XL: |  1  2  3  4  5  6  7  8  9 10 11 |
---------------+----------------------------------+-----
Fighting       | 1 2 3 4 5 7 8 9 |  9.1
Dodging        | 2 3 4 5 6 |  6.4
Unarmed Combat | 4 5 6 7 9 10 11 | 11.2
Shapeshifting  | 4 5 6 7 8 |  8.2
Shields        | 1 2 |  2.9

Action                     |  1- 3 |  4- 6 |  7- 9 | 10-12 || total
---------------------------+-------+-------+-------+-------++-------
  Melee: Unarmed           |    82 |   113 |   296 |   322 ||   813
         Punch             |     1 |     3 |    16 |    19 ||    39
 Invoke: Berserk           |       |       |     2 |     3 ||     5
         Trog's Hand       |       |       |       |     1 ||     1
    Use: Potion            |       |     1 |       |     3 ||     4
   Stab: Sleeping          |     1 |     1 |     3 |     5 ||    10
         Distracted        |       |       |     1 |       ||     1
 Armour: Animal skin       |    44 |    47 |   132 |    75 ||   298
         Skin              |       |    20 |       |     7 ||    27
         Troll leather arm |       |       |       |   151 ||   151
         Steam dragon scal |       |       |       |    15 ||    15
  Dodge: Dodged            |    46 |    48 |   180 |   236 ||   510
   Form: Beast             |     1 |       |       |       ||     1

Table legend: (Time is in decaauts)
 A = Elapsed time spent in this place.
 B = Non-inter-level travel time spent in this place.
 C = Inter-level travel time spent in this place.
 D = Time resting spent in this place.
 E = Time spent auto-exploring this place.
 F = Levels seen in this place.
 G = Mean time per level.
                   A        B        C        D        E       F      G
               +--------+--------+--------+--------+--------+-----+--------+
         Total |   9261 |   8641 |    620 |    455 |   6176 |  14 |  661.5 |
       Dungeon |   8728 |   8137 |    591 |    455 |   5884 |  11 |  793.5 |
        Temple |     40 |     11 |     29 |      0 |      0 |   1 |   40.0 |
        Bazaar |    133 |    133 |      0 |      0 |     92 |   1 |  133.0 |
       Ossuary |    358 |    358 |      0 |      0 |    200 |   1 |  358.0 |
               +--------+--------+--------+--------+--------+-----+--------+

Top non-repeatable levels by time:
    D:10: 1116 daAuts
     D:8: 1022 daAuts
     D:9: 932 daAuts
     D:7: 912 daAuts
     D:5: 888 daAuts
     D:2: 814 daAuts
     D:1: 802 daAuts
     D:6: 797 daAuts
     D:3: 591 daAuts
     D:4: 535 daAuts
 Ossuary: 358 daAuts
    D:11: 313 daAuts
  Bazaar: 133 daAuts
  Temple: 40 daAuts
